Match 46721473
Unlisted

Match 46721473
End
Construct Section Command Post
Vickers Machine Gun Team
Selects Australian Defense Battlegroup
Selects Australian Light Infantry Section
Australian Light Infantry Section
Australian Light Infantry Section
Australian Light Infantry Section
Construct Platoon Command Post
Selects 2-pounder Anti-tank Gun Team
Humber Armored Car
2-pounder Anti-tank Gun Team
Infantry Training
CMP 15cwt Truck
Selects CMP 15cwt Supply Run
Selects Reinforced Resource Caches
2-pounder Anti-tank Gun Team
Australian Light Infantry Section
6-pounder Anti-tank Gun Team
Selects Archer Tank Destroyer
Archer Tank Destroyer
Royal Engineer Section
CMP 15cwt Truck
Archer Tank Destroyer
Armored Vehicle Training
Selects Vehicle Over Repair
Archer Tank Destroyer
Archer Tank Destroyer
Australian Light Infantry Section
Archer Tank Destroyer
Australian Light Infantry Section
Archer Tank Destroyer
낭만개미
Karung_Vtuber
L2oGUN
EBaskey
Be Frabjous
油菜花
water
Hirys it's Irys
0
0

Comments sign in to comment!

No comments posted yet!